 Dungeon Crawl Stone Soup version 0.21-a0-286-g6fcecc0 (webtiles) character file.

2214 tidbits the Grave Robber (level 9, -1/75 HPs)
             Began as a Purple Draconian Necromancer on Sept 25, 2017.
             Was a Believer of Wu Jian.
             Slain by a hornet (10 damage)
             ... on level 8 of the Dungeon.
             The game lasted 00:26:38 (3252 turns).

tidbits the Grave Robber (DrNe)                     Turns: 3252, Time: 00:26:38

Health: -1/75      AC:  8    Str: 11    XL:     9   Next: 13%
Magic:  0/16       EV: 14    Int: 18    God:    Wu Jian [**....]
Gold:   353        SH:  0    Dex: 12    Spells: 0/18 levels left

rFire    . . .     SeeInvis .   c - +0 dagger (venom)
rCold    . . .     Gourm    .   (no shield)
rNeg     . . .     Faith    .   (armour unavailable)
rPois    +         Spirit   .   (helmet restricted)
rElec    .         Reflect  .   (no cloak)
rCorr    .         Harm     .   (no gloves)
MR       +....     Rnd*Tele +   F - +0 pair of boots
Stlth    +++.......             (no amulet)
HPRegen  0.22/turn              K - ring of stealth
MPRegen  0.15/turn              (no ring)

@: lethally poisoned (-1 -> -10), short of breath, hasted, very quick
A: breathe power, unfitting armour, horns 1, poison resistance, teleportitis 1,
cold-blooded, AC +7
a: Breathe Dispelling Energy, Renounce Religion


You were on level 8 of the Dungeon.
You worshipped Wu Jian.
Wu Jian was pleased with you.
You were not hungry.

You visited 1 branch of the dungeon, and saw 8 of its levels.

You collected 353 gold pieces.

Inventory:

Hand Weapons
 a - a +0 scythe
 c - a +0 dagger of venom (weapon)
   (You took it off a goblin on level 1 of the Dungeon)
 f - a +0 arbalest
 i - a +0 mace
 t - a +0 blowgun
Missiles
 s - 28 arrows
 u - 15 poisoned needles
 w - a throwing net (quivered) {!f}
 B - 5 tomahawks
Armour
 F - a +0 pair of boots (worn)
Jewellery
 K - a ring of stealth (left hand)
   (You found it on level 6 of the Dungeon)
Wands
 e - a wand of digging (8/24)
 p - a wand of lightning (2/15)
 v - a wand of flame (35/48)
 J - a wand of polymorph (15/24)
Scrolls
 d - 2 scrolls of recharging {unknown}
 h - a scroll of blinking {unknown}
 k - a scroll of amnesia {unknown}
 l - 3 scrolls of enchant weapon {unknown}
 n - 4 scrolls of teleportation {unknown}
 r - 4 scrolls of remove curse
 x - 4 scrolls of magic mapping
 y - a scroll of enchant armour {unknown}
 D - 2 scrolls of fog {unknown}
 G - a scroll of immolation {unknown}
 I - a scroll of brand weapon {unknown}
Potions
 j - 2 potions of flight
 A - a potion of curing {unknown}
 C - a potion of brilliance {unknown}
Books
 E - a book of Necromancy

   Spells                             Type                      Level
   a - Pain                           Necromancy                   1
   b - Animate Skeleton               Necromancy                   1
   c - Vampiric Draining              Necromancy                   3
   d - Regeneration                   Charms/Necromancy            3
   e - Animate Dead                   Necromancy                   4
   f - Control Undead                 Necromancy                   4
 H - a book of Minor Magic
   (You found it on level 6 of the Dungeon)

   Spells                             Type                      Level
   a - Magic Dart                     Conjuration                  1
   b - Blink                          Translocation                2
   c - Call Imp                       Summoning                    2
   d - Slow                           Hexes                        2
   e - Conjure Flame                  Conjuration/Fire             3
   f - Mephitic Cloud                 Conjuration/Poison/Air       3
Comestibles
 b - 5 bread rations
 m - 8 fruits
 o - 4 royal jellies
 q - 2 meat rations
 L - a chunk of flesh


   Skills:
 + Level 5.7 Fighting
 + Level 5.2 Dodging
 - Level 1.7 Stealth
 - Level 5.0 Spellcasting
 - Level 6.5 Charms
 - Level 7.1 Necromancy


You couldn't memorise any spells.
You knew the following spells:

 Your Spells              Type           Power        Failure   Level  Hunger
a - Pain                  Necr           ####         1%          1    None
b - Blink                 Tloc           N/A          21%         2    #......
n - Animate Skeleton      Necr           N/A          1%          1    None
r - Regeneration          Chrm/Necr      ####......   2%          3    ##.....
u - Control Undead        Necr           ####......   7%          4    ####...
v - Vampiric Draining     Necr           ####......   2%          3    ##.....
N - Animate Dead          Necr           N/A          7%          4    ####...


Dungeon Overview and Level Annotations

Branches:
Dungeon (8/15)             Temple (0/1) D:6
   Lair: D:8-11

Altars:
Cheibriados
Gozag
Qazlal
Wu Jian
Yredelemnul


Innate Abilities, Weirdness & Mutations

You can breathe bolts of dispelling energy.
Your rich purple scales are hard. (AC +7)
You cannot fit into any form of body armour.
You are cold-blooded and may be slowed by cold attacks.
You have a pair of small horns on your head.
Your system is resistant to poisons. (rPois)
You are occasionally teleported next to monsters.


Message History

Your water moccasin zombie closely misses the orc wizard.
You closely miss the orc warrior.
The orc warrior is lightly wounded.
The orc warrior hits you but does no damage.
Your water moccasin zombie closely misses the orc wizard.
The orc wizard gestures wildly while chanting.
The orc wizard seems to speed up.
You hit the orc warrior but do no damage.
The orc warrior is lightly wounded.
Your water moccasin zombie barely misses the orc wizard.
The orc warrior barely misses you.
You closely miss the orc warrior.
The orc warrior is lightly wounded.
Your water moccasin zombie bites the orc wizard but does no damage.
You hit the orc warrior but do no damage.
The orc warrior is poisoned.
You tail-slap the orc warrior, but do no damage.
The orc warrior is lightly wounded.
You kill the orc wizard!
The Council accepts your kill.
The orc warrior hits you with a battleaxe.
The orc warrior closely misses your water moccasin zombie.
The hornet closely misses your water moccasin zombie.
Your water moccasin zombie bites the orc warrior but does no damage.
The orc wizard barely misses your water moccasin zombie.
Casting: Control Undead
Confirm with . or Enter, or press ? or * to list all spells.
Aiming: Vampiric Draining
Press: ? - help, Shift-Dir - straight line, f - orc warrior
Aim: an orc warrior, wielding a battleaxe and wearing a chain mail (lightly wounded, poisoned)
The orc warrior is heavily wounded.
You feel life coursing into your body.
The hornet stings your water moccasin zombie!
The orc warrior hits you with a battleaxe!!
* * * LOW HITPOINT WARNING * * *
The orc warrior hits your water moccasin zombie with a battleaxe!
Your water moccasin zombie misses the orc warrior.
The hornet stings your water moccasin zombie!!
Your water moccasin zombie is destroyed!
The Council accepts your kill.
Casting: Vampiric Draining
Confirm with . or Enter, or press ? or * to list all spells.
Aiming: Pain
Press: ? - help, Shift-Dir - straight line, f/p - orc warrior
Aim: an orc warrior, wielding a battleaxe and wearing a chain mail (severely wounded, poisoned, chance to defeat MR: 84%)
The orc warrior writhes in agony!
You kill the orc warrior!
The Council accepts your kill.
You miss the hornet. The hornet closely misses you. The hornet stings you.
* * * LOW HITPOINT WARNING * * *
You feel yourself slow down.
Press: ? - help, Shift-Dir - straight line, f - orc wizard
Aim: an orc wizard, wielding a dagger and wearing a robe (heavily wounded, poisoned)
You breathe a bolt of dispelling energy.
The bolt of dispelling energy hits the hornet.
The hornet is lightly wounded.
The bolt of dispelling energy hits the orc wizard.
The orc wizard is almost dead.
You feel somewhat more hungry.
You feel yourself speed up.
The orc wizard mumbles some strange words.
The orc wizard flickers and vanishes!
Deactivating autopickup; reactivate with Ctrl-A.
The hornet barely misses you. The hornet closely misses you.
Unknown command.
Casting: Pain
Confirm with . or Enter, or press ? or * to list all spells.
Aiming: Pain
Press: ? - help, Shift-Dir - straight line, f - hornet
Aim: a hornet (lightly wounded, chance to defeat MR: 78%)
The hornet writhes in agony!
The hornet stings you.
* * * LOW HITPOINT WARNING * * *
You are poisoned.
You feel yourself slow down.
Casting: Pain
Confirm with . or Enter, or press ? or * to list all spells.
Aiming: Pain
Press: ? - help, Shift-Dir - straight line, f/p - hornet
Aim: a hornet (lightly wounded, chance to defeat MR: 78%)
The hornet writhes in agony!
You feel sick. The Council accepts your kill.
Reactivating autopickup.
You feel a bit more experienced. The hornet closely misses you.
The hornet stings you!
* * * LOW HITPOINT WARNING * * *
You are lethally poisoned!
You feel as though you will be slow longer.
The hornet closely misses you.
It was a potion of mutation.
You feel extremely strange.
You feel resistant to poisons.
You feel weirdly uncertain. A pair of horns grows on your head!
* * * LOW HITPOINT WARNING * * *
You feel very sick.
The hornet stings you but does no damage. x2
It was a potion of haste.
You feel yourself speed up.
You feel yourself speed up.
* * * LOW HITPOINT WARNING * * *
You feel sick. The hornet stings you!
You die...

. .. # #. . # ####.##
##. . ... ..# #.. # #.#
#.# #.# # #.###.###.# #
#.##...##.#
######...###.#.####.##.#
..[......# #..)y@......#
######...# #...####.####
#..#....### #..####.#
#..# #.# #..# #.. #..#
### ...#


You could see a hornet.

Vanquished Creatures
  The ghost of tidbits the Fighter, a novice DrNe of Cheibriados (D:6)
  3 orc warriors
  3 ogres
  2 bullfrogs (D:6)
  A water moccasin zombie (D:8)
  2 scorpions (D:6)
  A crimson imp (D:6)
  A jelly (D:6)
  A gnoll shaman (D:6)
  2 orc priests (D:4)
  3 hounds
  Natasha (D:4)
  9 worker ants
  6 orc wizards
  8 gnolls
  8 adders
  3 oozes
  6 worms
  3 dart slugs
  4 leopard geckos
  18 orcs
  5 giant cockroaches
  2 hobgoblins
  7 jackals
  2 quokkas (D:4)
  6 bats
  5 frilled lizards
  5 goblins
  10 kobolds
  4 rats
132 creatures vanquished.

Vanquished Creatures (collateral kills)
  An orc (D:3)
  A bat (D:3)
  A giant cockroach (D:3)
  A quokka (D:3)
4 creatures vanquished.

Grand Total: 136 creatures vanquished

Notes
Turn   | Place    | Note
-------+----------+-------------------------------------------
     0 | D:1      | tidbits the Draconian Necromancer began the quest for the Orb.
     0 | D:1      | Reached XP level 1. HP: 14/14 MP: 3/3
    41 | D:1      | Noticed a worker ant
    41 | D:1      | Noticed an iguana
    41 | D:1      | Noticed a salamander
    41 | D:1      | Noticed a seven-headed hydra
    41 | D:1      | Noticed a polar bear
   182 | D:1      | Reached XP level 2. HP: 14/20 MP: 0/5
   185 | D:1      | Learned a level 1 spell: Animate Skeleton
   624 | D:2      | Reached XP level 3. HP: 14/26 MP: 0/6
   717 | D:2      | Learned a level 3 spell: Vampiric Draining
   805 | D:2      | Reached skill level 5 in Necromancy
  1256 | D:2      | Reached XP level 4. HP: 26/33 MP: 6/8
  1265 | D:2      | Learned a level 3 spell: Regeneration
  1463 | D:3      | Reached skill level 3 in Spellcasting
  1466 | D:3      | Reached XP level 5. HP: 23/38 MP: 0/9
  1518 | D:3      | Found an ornate altar of the Wu Jian Council.
  1526 | D:3      | Became a worshipper of the Wu Jian Council
  1643 | D:3      | Reached skill level 6 in Necromancy
  1674 | D:3      | Found a faded altar of an unknown god.
  1695 | D:3      | Found an opulent altar of Gozag.
  1783 | D:3      | Reached XP level 6. HP: 24/45 MP: 1/11
  1847 | D:3      | Found a snail-covered altar of Cheibriados.
  2104 | D:4      | Reached skill level 4 in Spellcasting
  2104 | D:4      | Reached skill level 7 in Necromancy
  2110 | D:4      | Learned a level 4 spell: Control Undead
  2110 | D:4      | Noticed Natasha
  2132 | D:4      | Reached skill level 2 in Dodging
  2189 | D:4      | Found a basalt altar of Yredelemnul.
  2253 | D:4      | Reached skill level 1 in Fighting
  2257 | D:4      | Your scales start taking on a rich purple colour.
  2257 | D:4      | Reached skill level 5 in Spellcasting
  2257 | D:4      | Reached XP level 7. HP: 35/52 MP: 9/14
  2258 | D:4      | Reached * piety under Wu Jian
  2329 | D:4      | Killed Natasha
  2364 | D:5      | Entered Level 5 of the Dungeon
  2402 | D:5      | Reached skill level 2 in Fighting
  2435 | D:5      | Reached skill level 3 in Dodging
  2484 | D:5      | Reached skill level 1 in Charms
  2545 | D:6      | Noticed tidbits's ghost (novice DrNe)
  2561 | D:6      | Killed tidbits's ghost
  2561 | D:6      | Reached skill level 6 in Charms
  2561 | D:6      | Reached XP level 8. HP: 22/62 MP: 8/15
  2593 | D:6      | Reached skill level 3 in Fighting
  2745 | D:6      | Reached skill level 4 in Fighting
  2745 | D:6      | Reached skill level 4 in Dodging
  2948 | D:6      | Found a staircase to the Ecumenical Temple.
  3002 | D:6      | Found a stormy altar of Qazlal.
  3100 | D:7      | Reached ** piety under Wu Jian
  3100 | D:7      | Reached skill level 5 in Fighting
  3111 | D:7      | Reached XP level 9. HP: 44/74 MP: 3/16
  3138 | D:7      | Learned a level 4 spell: Animate Dead
  3141 | D:7      | Learned a level 2 spell: Blink
  3189 | D:7      | Reached skill level 5 in Dodging
  3251 | D:8      | Gained mutation: Your system is resistant to poisons. (rPois) [potion of mutation]
  3251 | D:8      | Gained mutation: You are occasionally teleported next to monsters. [potion of mutation]
  3251 | D:8      | Gained mutation: You have a pair of small horns on your head. [potion of mutation]
  3252 | D:8      | Slain by a hornet

Vault maps used:
D:1:      onia_arrival_zoo_common
D:3:      nicolae_overflow_hidden_temple, old_standard_altar,
          lemuel_doored_altar, chequers_ecumenical_altar_simple_redux,
          first_bread, minivault_19
D:4:      marbit_many_paths, uniq_natasha, uniq_ijyb
D:6:      nicolae_qazlal_general_emergency,
          minmay_temple_entry_statues_fountains
D:8:      chequers_temple_overflow_statue_of_worship, david_lair_generic

Skill      XL: |  1  2  3  4  5  6  7  8  9 |
---------------+----------------------------+-----
Necromancy     | 5 6 7 |  7.1
Spellcasting   | 3 5 |  5.0
Dodging        | 2 3 4 5 |  5.2
Fighting       | 1 2 5 |  5.7
Charms         | 6 |  6.5
Stealth        | |  1.7

Action                   |  1- 3 |  4- 6 |  7- 9 || total
-------------------------+-------+-------+-------++-------
Melee: Unarmed           |     5 |       |     5 ||    10
       Tailslap          |     6 |     6 |    15 ||    27
       Dagger            |    34 |    81 |   100 ||   215
       Scythe            |       |       |     7 ||     7
       Mace              |       |       |     3 ||     3
 Cast: Pain              |    81 |    75 |    36 ||   192
       Vampiric Draining |     1 |     7 |    23 ||    31
       Animate Skeleton  |       |     6 |     9 ||    15
       Regeneration      |       |     3 |     5 ||     8
       Animate Dead      |       |       |     1 ||     1
       Control Undead    |       |       |     1 ||     1
 Abil: Breathe Dispellin |       |       |     6 ||     6
Evoke: Wand              |       |       |     7 ||     7
  Use: Scroll            |     1 |     1 |     4 ||     6
       Potion            |       |       |     4 ||     4
 Stab: Sleeping          |     1 |       |     1 ||     2
  Eat: Chunk             |     3 |     5 |     7 ||    15
Armor: Skin              |    13 |    25 |    48 ||    86
Dodge: Dodged            |    30 |    55 |    68 ||   153

Table legend:
 A = Spawn XP
 B = Non-spawn XP
 C = Spawn XP percentage of total XP
 D = Spawn monster count
 E = Non-spawn monster count
 F = Spawn count percentage of total count
 G = Total turns spent on level
                    A         B        C        D         E        F      G
               +---------+---------+-------+---------+---------+-------+---------
         Total |       0 |    3163 |   0.0 |       0 |     136 |   0.0 |  3252
               +---------+---------+-------+---------+---------+-------+---------
           D:1 |       0 |      31 |   0.0 |       0 |      14 |   0.0 |   543
           D:2 |       0 |      64 |   0.0 |       0 |      24 |   0.0 |   802
           D:3 |       0 |     325 |   0.0 |       0 |      36 |   0.0 |   521
           D:4 |       0 |     393 |   0.0 |       0 |      18 |   0.0 |   498
           D:5 |       0 |     268 |   0.0 |       0 |      10 |   0.0 |   223
           D:6 |       0 |    1547 |   0.0 |       0 |      21 |   0.0 |   505
           D:7 |       0 |     311 |   0.0 |       0 |       8 |   0.0 |   127
           D:8 |       0 |     224 |   0.0 |       0 |       5 |   0.0 |    33
               +---------+---------+-------+---------+---------+-------+---------

Table legend:
 A = Turns spent in this place as a percentage of turns spent in the entire game.
 B = Non-inter-level travel turns spent in this place as a percentage of non-inter-level travel turns spent in the entire game.
 C = Inter-level travel turns spent in this place as a percentage of turns spent in this place.
 D = Turns resting spent in this place as a percentage of non-inter-level travel turns spent in this place.
 E = Turns spent auto-exploring this place as a percentage of non-inter-level travel turns spent in this place.
 F = Non-inter-level travel turns spent in this place divided by the number of levels of this place that you've seen.
                   A       B       C       D       E      F
               +-------+-------+-------+-------+-------+----------------------
         Total | 100.0 | 100.0 |   0.7 |   0.0 |   0.0 | 403.6
       Dungeon | 100.0 | 100.0 |   0.7 |   0.0 |   0.0 | 403.6
               +-------+-------+-------+-------+-------+----------------------

Table legend:
 A = Kills in this place as a percentage of kills in entire the game.
 B = Kills by you in this place as a percentage of kills by you in the entire game.
 C = Kills by friends in this place as a percentage of kills by friends in the entire game.
 D = Other kills in this place as a percentage of other kills in the entire game.
 E = Experience gained in this place as a percentage of experience gained in the entire game.
 F = Experience gained in this place divided by the number of levels of this place that you have seen.
                   A       B       C       D       E      F
               +-------+-------+-------+-------+-------+----------------------
         Total | 100.0 | 100.0 | 100.0 | 100.0 | 100.0 | 395.4
       Dungeon | 100.0 | 100.0 | 100.0 | 100.0 | 100.0 | 395.4
               +-------+-------+-------+-------+-------+----------------------

Vault maps used:
D:1:      onia_arrival_zoo_common
D:3:      nicolae_overflow_hidden_temple, old_standard_altar,
          lemuel_doored_altar, chequers_ecumenical_altar_simple_redux,
          first_bread, minivault_19
D:4:      marbit_many_paths, uniq_natasha, uniq_ijyb
D:6:      nicolae_qazlal_general_emergency,
          minmay_temple_entry_statues_fountains
D:8:      chequers_temple_overflow_statue_of_worship, david_lair_generic
